 Dungeon Crawl Stone Soup version 0.32-a0-576-g706899e69d (webtiles) character file.

Game seed: 11946368278260134627

193 Dittersdorf the Covered (level 5, -1/34 HPs)
             Began as a Gargoyle Fighter on Mar 1, 2024.
             Slain by Crazy Yiuf
             ... wielding a +4 quarterstaff of chaos
              (11 damage)
             ... on level 3 of the Dungeon.
             The game lasted 00:02:46 (2878 turns).

Dittersdorf the Covered (Gargoyle Fighter)          Turns: 2878, Time: 00:02:46

Health: -1/34      AC:  9    Str: 22    XL:     5   Next: 72%
Magic:  5/5        EV:  8    Int:  8    God:
Gold:   135        SH:  4    Dex:  9    Spells: 4/4 levels left

rFire   . . .        a - +0 flail
rCold   . . .        c - +0 buckler
rNeg    + . .        l - +0 chain mail
rPois   ∞            (no helmet)
rElec   +            (no cloak)
rCorr   .            (no gloves)
SInv    .            (no boots)
Will    .....        (no amulet) Stlth
                     (no ring)
HPRegen 0.25/turn    (no ring)
MPRegen 0.09/turn

%: no passive effects
@: weak-willed, weakened, corroded
A: sickness immunity, AC +4, negative energy resistance 1, electricity
resistance, torment resistance 1, petrification resistance
a: no special abilities


You were on level 3 of the Dungeon.
You visited 1 branch of the dungeon, and saw 3 of its levels.

You collected 135 gold pieces.

Inventory:

Hand Weapons
 a - a +0 flail (weapon)
 b - the +1 sling "Giantslayer" {heavy, rElec rC++ SInv}
   (You found it on level 2 of the Dungeon)

   rC++:      It greatly protects you from cold.
   rElec:     It insulates you from electricity.
   SInv:      It lets you see invisible.
Armour
 c - a +0 buckler (worn)
 l - a +0 chain mail (worn)
Scrolls
 e - a scroll of brand weapon {unknown}
 f - 6 scrolls of identify {unknown}
 g - a scroll of vulnerability {unknown}
 h - 2 scrolls of amnesia {unknown}
 i - 2 scrolls of immolation {unknown}
 k - 2 scrolls of torment {unknown}
 m - a scroll of fear {unknown}
 n - 2 scrolls of noise {unknown}
 r - a scroll of teleportation {unknown}
 u - a scroll of silence {unknown}
Potions
 d - 2 potions of might
 j - 2 potions of invisibility {unknown}
 o - a potion of berserk rage {unknown}
 p - a potion of degeneration {unknown}
 q - a potion of magic {unknown}
 s - a potion of curing {unknown}
 t - a potion of cancellation {unknown}


   Skills:
 + Level 4.4 Fighting
 + Level 3.2 Maces & Flails
 + Level 4.4 Armour
 + Level 4.4 Shields


You had 4 spell levels left.
You didn't know any spells.
Your spell library was empty.

Dungeon Overview and Level Annotations

Branches:
Dungeon (3/15)

Altars:

Shops:
D:3 (*[

Annotations:
D:3 Crazy Yiuf


Innate Abilities, Weirdness & Mutations

You are immune to sickness and miasma.
Your stone body is resilient. (AC +4)
You are immune to poison.
You resist negative energy. (rN+)
You are resistant to electric shocks. (rElec)
You are resistant to unholy torment.
You are immune to petrification.


Message History

u - a scroll labelled YKKOHO NACLOEFF No target in view!
You open the door.
There is an open door here.
There is a stone staircase leading down here.
There is an open door here.
There is an open door here.
Found a whip.
You now have 135 gold pieces (gained 11).
You see here a +0 long sword.
There is a stone staircase leading down here.
There is an open door here.
There is a large open door here.
There is a large open door here.
There is an open door here.
There is an open door here.
Items here: ÷÷÷÷.
You see here 4 boomerangs.
Crazy Yiuf shouts!
Could not explore, unopened runed door.
Could not explore, unopened runed door.
As you open the door, it creaks loudly!
You hit Crazy Yiuf.
Crazy Yiuf is moderately wounded.
Crazy Yiuf hits you with a +4 quarterstaff of chaos!
Your willpower is stripped away!
You thump Crazy Yiuf!
Crazy Yiuf is almost dead.
Crazy Yiuf hits you with a +4 quarterstaff of chaos!
The acid corrodes you!
You closely miss Crazy Yiuf.
Crazy Yiuf is almost dead.
Crazy Yiuf hits you with a +4 quarterstaff of chaos!
* * * LOW HITPOINT WARNING * * *
You feel your attacks grow feeble.
You closely miss Crazy Yiuf.
Crazy Yiuf is almost dead.
Crazy Yiuf waves his quarterstaff at you.
Crazy Yiuf hits you with a +4 quarterstaff of chaos!
You die...

.#.# #.#
#.# ##.#
### #.#
#.# #.#
#.# #####
#.# #.#
#)..# #.#
##'######
#...# #.#
#.......#
... #.#
#.......#
#g#
##.###
#.......#
♣@♣♣
#..).#
##'######
♣♣.♣
######
##'##
♣.♣♣
#...#
♣♣.♣
#...#
♣♣.♣♣
#...#
♣♣...♣
#...#
♣....♣
#...#
##..##
'...#
#....#


You could see Crazy Yiuf.

Vanquished Creatures
  A sleepcap (D:3)
  3 gnolls (D:2)
  5 adders
  5 dart slugs
  A ribbon worm (D:3)
  An orc (D:3)
  4 endoplasms
  5 giant cockroaches
  8 goblins
  12 hobgoblins
  6 jackals
  A quokka (D:1)
  8 ball pythons
  3 bats
  2 frilled lizards (D:1)
  5 kobolds
  7 rats
77 creatures vanquished.

Notes
Turn   | Place    | Note
-------+----------+-------------------------------------------
     0 | D:1      | Dittersdorf the Gargoyle Fighter began the quest for the
                  | Orb.
     0 | D:1      | Reached XP level 1. HP: 14/14 MP: 1/1
   193 | D:1      | Reached XP level 2. HP: 17/19 MP: 2/2
   428 | D:1      | Reached XP level 3. HP: 19/23 MP: 3/3
   900 | D:2      | Reached XP level 4. HP: 10/29 MP: 4/4
  1248 | D:2      | Found a faded altar of an unknown god.
  1398 | D:2      | Identified the +1 sling "Giantslayer" {heavy, rElec rC++
                  | SInv}
  1494 | D:2      | Reached XP level 5. HP: 33/33 MP: 5/5
  1756 | D:3      | Found Raygh's Assorted Antiques.
  2036 | D:3      | Found Ciyqi's Antique Armour Shop.
  2147 | D:3      | Found Jicauf's Weapon Emporium.
  2609 | D:3      | Found a runed translucent door.
  2610 | D:3      | Noticed Crazy Yiuf
  2878 | D:3      | Slain by Crazy Yiuf

Illustrated notes

Levels and vault maps discovered:
D:1:      mrwooster_arrival_arrow, layout_rooms, serial_bayou_lagoon_a,
          minmay_pentomino_r2
D:2:      layout_loops_cross, shapermc_ecumenical_altar_petra,
          minmay_randomly_rotated_circles
D:3:      layout_basic, serial_shops, shop, nicolae_shop_hallway_plus,
          nicolae_shop_just_a_little_nook, uniq_crazy_yiuf_cottage

Skill      XL: |  1  2  3  4 |
---------------+-------------+-----
Shields        | 4 |  4.4
Armour         | 4 |  4.4
Fighting       | 4 |  4.4
Maces & Flails | 3 |  3.2

Action                     |  1- 3 |  4- 6 || total
---------------------------+-------+-------++-------
  Melee: Flail             |   136 |   152 ||   288
 Armour: Scale mail        |   118 |       ||   118
         Chain mail        |    19 |   121 ||   140
  Dodge: Dodged            |    71 |    71 ||   142
  Block: Buckler           |    31 |    41 ||    72

Table legend: (Time is in decaauts)
 A = Elapsed time spent in this place.
 B = Non-inter-level travel time spent in this place.
 C = Inter-level travel time spent in this place.
 D = Time resting spent in this place.
 E = Time spent auto-exploring this place.
 F = Levels seen in this place.
 G = Mean time per level.
                   A        B        C        D        E       F      G
               +--------+--------+--------+--------+--------+-----+--------+
         Total |   2964 |   2762 |    202 |     50 |   2090 |   3 |  988.0 |
       Dungeon |   2964 |   2762 |    202 |     50 |   2090 |   3 |  988.0 |
               +--------+--------+--------+--------+--------+-----+--------+

Top non-repeatable levels by time:
     D:3: 1154 daAuts
     D:2: 1097 daAuts
     D:1: 712 daAuts
